AoeStats
← WoTown

Arena

507579454Analyzed
1v1 RM · 14d ago on Sep 18, 2026· 34m 2s· 2 players
Game mode
Random Map
Map size
Tiny (2 player)
Population
200
Speed
Normal
Resources
Standard
Victory
Conquest
Starting age
Dark Age
Ending age
Imperial Age
RankedLock teamsTeams togetherTeam positionsShared explorationLock speedFull tech treeHidden civsTurbo modeCheats
Victory
Defeat
🇮🇹 Turks · Italy
734
+16
🇺🇸 Bohemians · United States
729
-16
WoTown
10:23 Feudal Age
11:16 Double-Bit Axe
11:31 Horse Collar
18:47 Castle Age
16:32 Loom
24:29 Bow Saw
24:48 Heavy Plow
25:27 Wheelbarrow
28:46 Imperial Age
30:40 Redemption
34:22 Chemistry
33:51 Scale Barding Armor
marcelloborghi
11:05 Loom
12:51 Feudal Age
14:51 Wheelbarrow
14:11 Gold Mining
14:08 Double-Bit Axe
14:09 Horse Collar
18:56 Castle Age
20:50 Hand Cart
21:25 Bow Saw
25:09 Imperial Age
23:53 Fortified Wall
24:05 Heavy Plow
25:39 Thumb Ring
25:37 Padded Archer Armor
27:00 Gold Shaft Mining
26:56 Town Watch
28:17 Leather Archer Armor
30:17 Ring Archer Armor
34:19 Two-Man Saw
34:13 Ballistics
Connection lost

Rejoining the realm…

Still unreachable

The connection could not be restored.

Session expired

The server has moved on; the page needs a fresh start.